 Dungeon Crawl Stone Soup version 0.26.1-10-gdfb7c7de75 (webtiles) character file.

Game seed: 14645693835451602784

285300 Almogavar the Hoplite (level 20, 0/154 HPs)
             Began as a Hill Orc Fighter on Apr 5, 2021.
             Was the Champion of Okawaru.
             Slain by the Royal Jelly (20 damage)
             ... on level 5 of the Pits of Slime.
             The game lasted 02:38:52 (51663 turns).

Almogavar the Hoplite (Hill Orc Fighter)           Turns: 51663, Time: 02:38:53

Health: 0/154      AC: 15    Str: 32    XL:     20   Next: 61%
Magic:  15/18      EV: 21    Int: 25    God:    Okawaru [******]
Gold:   2517       SH: 33    Dex: 16    Spells: 19/19 levels left

rFire    x . .     SeeInvis .   W - +9 war axe of Beiwagig {venom, Int+4}
rCold    . . .     Faith    .   I - +1 tower shield {rN+}
rNeg     + + .     Spirit   .   T - +1 pearl dragon scales
rPois    +         Reflect  +   r - +0 helmet {Int+3}
rElec    .         Harm     .   N - +2 cloak
rCorr    +         Rampage  .   K - +0 pair of gloves of the Sailor {rPois Will+ Int+4}
Will     +++++                  w - +0 pair of boots of Filth {Str+8}
Stlth    +.........             A - amulet of Dishonesty {Reflect rF- Will+++ Dex+6 Slay-6 SH+5}
HPRegen  0.35/turn              M - ring of resist corrosion
MPRegen  0.16/turn              z - ring of Lecibrum {EV+4 Int+6}

@: mighty, corroded, studying 2 skills, very slow
A: deformed body, deterioration 1, frail 2, low mp 2, weak 2
}: 2/15 runes: serpentine, barnacled
a: Renounce Religion, Heroism, Finesse


You were on level 5 of the Pits of Slime.
You worshipped Okawaru.
Okawaru was exalted by your worship.
You visited 7 branches of the dungeon, and saw 37 of its levels.
You also visited: Gauntlet and Ice Cave.

You collected 3637 gold pieces.
You spent 1120 gold pieces at shops.

Inventory:

Hand Weapons
 v - the +6 war axe "Leviticus" {vorpal, rN+}
   (You took it off a minotaur in a Gauntlet)

   It inflicts extra damage upon your enemies.
   It protects you from negative energy.
 E - a +1 scimitar of flaming
 W - the +9 war axe of Beiwagig (weapon) {venom, Int+4}
   (Okawaru gifted it to you on level 12 of the Dungeon)

   It poisons the flesh of those it strikes.
   It affects your intelligence (+4).
Missiles
 p - 32 boomerangs (quivered)
 S - 55 silver javelins
 V - 70 poisoned darts
 Y - 73 javelins
Armour
 e - the +2 chain mail of Misanthropy {rF- rN+ Str+7, unknown}
   (Okawaru gifted it to you on level 4 of the Pits of Slime)

   It affects your strength (+7).
   It makes you vulnerable to fire.
   It protects you from negative energy.
 j - the +1 cloak of the Hippo {-Tele rC+ rN++ Int+2}
   (You found it in a Gauntlet)

   It affects your intelligence (+2).
   It protects you from cold.
   It greatly protects you from negative energy.
   It prevents most forms of teleportation.
 r - a +0 helmet of intelligence (worn)
 w - the +0 pair of boots of Filth (worn) {Str+8}
   (You acquired it on level 4 of the Snake Pit)

   It affects your strength (+8).
 x - +0 fire dragon scales
 C - a +2 plate armour of fire resistance
 I - a +1 tower shield of positive energy (worn)
 K - the +0 pair of gloves of the Sailor (worn) {rPois Will+ Int+4}
   (You found it on level 7 of the Dungeon)

   It affects your intelligence (+4).
   It protects you from poison.
   It affects your willpower, your defense against some magical effects.
 N - a +2 cloak (worn)
 T - +1 pearl dragon scales (worn)
Jewellery
 z - the ring of Lecibrum (right hand) {EV+4 Int+6}
   (You found it on level 1 of the Shoals)

   [ring of evasion]

   It affects your evasion (+4).
   It affects your intelligence (+6).
 A - the amulet of Dishonesty (around neck) {Reflect rF- Will+++ Dex+6 Slay-6 SH+5}
   (You found it on level 4 of the Shoals)

   [amulet of reflection]

   It shields you and reflects attacks.
   It affects your dexterity (+6).
   It affects your accuracy and damage with ranged weapons and melee attacks
   (-6).
   It makes you vulnerable to fire.
   It affects your willpower, your defense against some magical effects.
   It affects your SH (+5).
 M - a ring of resist corrosion (left hand)
 O - an uncursed ring of see invisible
 P - the ring "Boucearr" {rC+ Dex+2}
   (You found it on level 9 of the Dungeon)

   [ring of protection from cold]

   It affects your dexterity (+2).
   It protects you from cold.
 Q - an uncursed amulet of reflection
 U - an uncursed ring of willpower
 X - the ring "Gokhlim" {Wiz rF+ Int+2}
   (You found it on level 3 of the Shoals)

   [ring of wizardry]

   It improves your spell success rate.
   It affects your intelligence (+2).
   It protects you from fire.
Wands
 s - a wand of digging (9)
 y - a wand of iceblast (32)
Scrolls
 c - a scroll of brand weapon
 d - 7 scrolls of identify
 f - 10 scrolls of teleportation
 h - 6 scrolls of fear
 k - 6 scrolls of remove curse
 l - 2 scrolls of blinking
 q - a scroll of summoning
 u - 5 scrolls of fog
 F - a scroll of holy word
Potions
 a - 4 potions of might
 b - 4 potions of haste
 n - 3 potions of flight
 o - 10 potions of curing
 t - 7 potions of heal wounds
 G - 2 potions of invisibility
 H - a potion of resistance
 J - 3 potions of cancellation
Books
 i - a manual of Dodging
 L - a manual of Ice Magic
Miscellaneous
 B - a phial of floods (inert)
 D - a box of beasts
 R - a condenser vane
 Z - a lightning rod (3/4)


   Skills:
 + Level 20.1 Fighting
 + Level 4.5 Long Blades
 - Level 16.1 Axes
 + Level 11.4 Throwing
 - Level 11.4 Armour
 + Level 10.5 Dodging
 + Level 4.2 Stealth
 + Level 24.1 Shields
 + Level 3.9 Invocations
 + Level 0.1 Evocations


You had 19 spell levels left.
You didn't know any spells.
Your spell library contained the following spells:

 Spells                   Type           Power        Failure   Level
 Animate Skeleton         Necr           0%           28%         1
 Apportation              Tloc           0%           28%         1
 Beastly Appendage        Tmut           0%           28%         1
 Corona                   Hex            0%           28%         1
 Magic Dart               Conj           0%           28%         1
 Summon Small Mammal      Summ           0%           28%         1
 Blink                    Tloc           N/A          41%         2
 Call Imp                 Summ           0%           41%         2
 Poisonous Vapours        Pois/Air       0%           41%         2
 Slow                     Hex            0%           41%         2
 Wereblood                Tmut           0%           41%         2
 Conjure Flame            Conj/Fire      0%           65%         3
 Gell's Gravitas          Tloc           0%           65%         3
 Inner Flame              Hex/Fire       0%           65%         3
 Lesser Beckoning         Tloc           0%           65%         3
 Mephitic Cloud           Conj/Pois/Air  0%           65%         3
 Portal Projectile        Hex/Tloc       0%           65%         3
 Spider Form              Tmut/Pois      0%           65%         3
 Teleport Other           Tloc           0%           65%         3
 Cause Fear               Hex            0%           96%         4
 Ice Form                 Ice/Tmut       0%           96%         4
 Leda's Liquefaction      Hex/Erth       0%           96%         4
 Passage of Golubria      Tloc           N/A          96%         4
 Blade Hands              Tmut           0%           100%        5
 Silence                  Hex/Air        0%           100%        5
 Summon Demon             Summ           0%           100%        5
 Summon Forest            Summ/Tloc      0%           100%        5
 Summon Mana Viper        Hex/Summ       0%           100%        5
 Yara's Violent Unravell  Hex/Tmut       0%           100%        5
 Freezing Cloud           Conj/Ice/Air   0%           100%        6
 Shadow Creatures         Summ           N/A          100%        6
 Summon Hydra             Summ           0%           100%        7
 Discord                  Hex            0%           100%        8


Dungeon Overview and Level Annotations

Branches:
Dungeon (15/15)            Temple (1/1) D:6            Lair (6/6) D:8
 Shoals (4/4) Lair:2        Snake (4/4) Lair:4        Slime (5/5) Lair:5
    Orc (2/2) D:10            Elf (0/3) Orc:2        Vaults (0/5) D:13
 Depths (0/5) D:15          IceCv (visited)         Gauntlet (visited)

Altars:
Ashenzari
Cheibriados
Dithmenos
Elyvilon
Fedhas
Gozag
Kikubaaqudgha
Makhleb
Nemelex Xobeh
Okawaru
Qazlal
Ru
Sif Muna
Trog
Uskayaw
Vehumet
Xom
Yredelemnul
Zin
The Shining One

Shops:
D:5 =![(   D:8 ?   Orc:2 (([}}   Shoals:3 :   Snake:4 ==}

Portals:
Hell: Lair:6

Annotations:
D:4 3 runed translucent doors, vesperbot's ghost, novice TrHu
Lair:2 exclusion: 2 oklob plants
Lair:5 exclusion: oklob plant
Slime:5 Royal Jelly


Innate Abilities, Weirdness & Mutations

Armour fits poorly on your strangely shaped body.
Your body sometimes deteriorates upon taking damage.
You are very frail. (-20% HP)
Your magical capacity is very low. (-20% MP)
You are very weak. (Str -4)


Message History

You are splashed with acid.
You resist.
* * * LOW HITPOINT WARNING * * *
You block the slime creature's attack.
You slash the acid blob!
You kill the acid blob!
Okawaru accepts your kill.
You completely miss the slime creature. You slash the Royal Jelly!
Your hands burn!
* * * LOW HITPOINT WARNING * * *
You block the Royal Jelly's attack. x2
You barely miss the Royal Jelly.
The Royal Jelly is lightly wounded.
You slice the slime creature!!
You kill the slime creature!
Okawaru accepts your kill. You block the Royal Jelly's attack. x2
Your unstable footing causes you to fumble your attack.
A great orb of eyes comes into view.
The Royal Jelly hits you!!
You die...

............# .............#
..............##
...............# ##
..............##.G.
...........≈≈≈...#
...........≈≈≈.#
...........@≈..# .#|
............J.## G#
...............# ##
...............# .#
................## ##.#
.................## #.G
...................####.####
....................#.....#.
............................


You could see the Royal Jelly and a great orb of eyes.

Vanquished Creatures
  Dissolution (Slime:3)
  10 acid blobs
  3 krakens
  Gastronok (Lair:2)
  12 nagarajas
  Donald (Shoals:2)
  The ghost of Wixas the Thaumaturge, an adept GnCj of Gozag (Shoals:1)
  The ghost of Electrofox the Thaumaturge, a journeyman DrIE of Sif Muna (Snake:4)
  Ilsuiw (Shoals:2)
  Aizul (Shoals:2)
  2 azure jellies
  Louise (Shoals:2)
  2 ghouls (D:15)
  The ghost of Revguard the Fighter, a journeyman OgVM of Ru (D:12)
  The ghost of Paulthewizard the Fighter, a journeyman DsBe of Trog (D:14)
  A minotaur (Gauntlet)
  The ghost of Phaedo the Covert, a journeyman OpDe of Hepliaklqana (Orc:1)
  An ettin (Orc:2)
  5 merfolk javelineers
  9 merfolk impalers
  2 death oozes
  A fire dragon (D:14)
  A yaktaur captain (D:13)
  Josephine (D:14)
  20 naga warriors
  4 great orbs of eyes
  A catoblepas (D:15)
  13 hydras
  3 merfolk avatars
  The ghost of vesperbot the Fighter, a novice TrHu of Okawaru (D:8)
  5 alligator snapping turtles
  2 boulder beetles
  2 centaur warriors (D:15)
  2 merfolk aquamancers (Shoals:4)
  Erica (Lair:2)
  4 death yaks (Lair:4)
  6 anacondas
  2 ogre magi (D:15)
  10 two-headed ogres
  2 death scarabs (Gauntlet)
  The ghost of admiralandromeda the Impaler, a novice MfGl of Ashenzari (D:10)
  Urug (Lair:4)
  4 orc high priests (Orc:1)
  A satyr (Shoals:2)
  6 shock serpents
  2 tengu warriors
  9 naga sharpshooters
  A sun demon (Lair:6)
  6 salamander mystics
  8 skeletal warriors (D:15)
  9 naga ritualists
  5 sea snakes
  A deep troll (shapeshifter) (D:15)
  A wizard (Lair:6)
  A harpy (Shoals:4)
  Pikel (D:4)
  An orb spider (shapeshifter) (D:14)
  A necromancer (IceCv)
  An oklob plant (Lair:2)
  3 orc knights
  A wolf spider zombie (D:14)
  2 ugly things
  12 fauns
  2 orc sorcerers
  A wolf spider (D:15)
  14 mana vipers
  16 manticores
  11 shining eyes
  3 moths of wrath
  14 salamanders
  8 cyclopes
  A spectral centaur (D:12)
  5 elephants
  36 black mambas
  23 guardian serpents
  An ice statue (IceCv)
  Joseph (D:7)
  Maurice (D:8)
  2 orange demons (Lair:6)
  16 naga magi
  5 water nymphs
  16 merfolk sirens
  3 eyes of devastation
  Maggie (D:7)
  6 centaur zombies
  15 cane toads
  2 molten gargoyles (Lair:6)
  A torpor snail (Lair:6)
  5 rime drakes
  10 freezing wraiths (IceCv)
  2 yaktaurs (D:13)
  4 ice devils
  2 tengu conjurers (D:15)
  3 kobold demonologists (D:13)
  A hellwing (Lair:6)
  8 komodo dragons
  A queen bee (Gauntlet)
  9 trolls
  A guardian mummy (D:15)
  2 red devils (Lair:6)
  17 merfolk
  3 wind drakes (Shoals:4)
  A polar bear (Lair:3)
  85 slime creatures
  A hornet (Lair:4)
  A spectral meliai (D:12)
  6 dream sheep
  8 snapping turtles
  27 blink frogs
  A spectral black mamba (Gauntlet)
  9 water elementals
  Sigmund (D:3)
  A shadow (D:11)
  10 centaur simulacra
  3 wyverns
  A vampire (D:14)
  A steam dragon (D:8)
  A fire elemental (Lair:5)
  29 yaks
  4 golden eyes (Slime:1)
  5 wraiths
  6 basilisks
  7 vampire mosquitoes
  2 wargs
  A spectral cane toad (Gauntlet)
  50 nagas
  29 water moccasins
  3 hell hounds (Lair:6)
  A meliai simulacrum (D:12)
  21 orc warriors
  2 hornet zombies (D:15)
  3 black bears
  12 ice beasts
  2 phantoms
  An alligator simulacrum (IceCv)
  20 ogres
  6 sky beasts
  6 boggarts (D:15)
  6 eyes of draining
  7 wolves
  2 lemures (D:4)
  9 centaurs
  4 big kobolds (D:13)
  14 bullfrogs
  A wyvern zombie (D:9)
  2 wyvern skeletons (D:14)
  4 scorpions
  A swamp dragon simulacrum (IceCv)
  12 killer bees
  4 wights (D:10)
  3 electric eels
  A howler monkey (D:11)
  3 draconian simulacra (IceCv)
  A lava snake (Lair:5)
  5 jellies
  2 quasits
  37 orc priests
  A wyvern simulacrum (D:12)
  2 bullfrog zombies
  A gnoll shaman (Orc:1)
  6 hounds
  A bullfrog skeleton (D:11)
  5 centaur skeletons
  5 iguanas
  24 orc wizards
  2 spriggan simulacra (IceCv)
  A troll simulacrum (IceCv)
  11 worker ants
  2 polar bear simulacra (IceCv)
  A hound zombie (D:4)
  A hound skeleton (D:10)
  A mummy (D:15)
  A howler monkey zombie (D:6)
  A worker ant zombie (D:10)
  4 naga simulacra (IceCv)
  16 adders
  20 gnolls
  3 ogre simulacra (IceCv)
  2 shadow imps
  13 white imps
  An adder zombie (D:7)
  2 oozes
  2 worms
  4 dart slugs
  5 leopard geckos
  64 orcs
  9 bats
  4 giant cockroaches
  10 goblins
  19 hobgoblins
  13 jackals
  6 quokkas
  2 ball pythons
  6 frilled lizards
  2 giant cockroach zombies
  2 gnoll zombies (D:5)
  A jackal skeleton (D:6)
  17 kobolds
  2 leopard gecko skeletons (D:4)
  2 quokka skeletons
  7 rats
  A fire vortex (Lair:5)
  12 tentacles
1291 creatures vanquished.

Vanquished Creatures (collateral kills)
  A blink frog (Lair:6)
1 creature vanquished.

Vanquished Creatures (others)
  A nagaraja (Snake:4)
  A merfolk impaler (Shoals:1)
  A naga warrior (Snake:3)
  A manticore (Shoals:2)
  A salamander (Snake:4)
  A naga mage (Snake:4)
  A naga (Snake:4)
  An orc warrior (Orc:1)
  A lemure (D:4)
  A jackal (D:4)
  3 bushes (D:14)
  30 fungi
  95 plants
  24 tentacles
  A withered plant (Gauntlet)
163 creatures vanquished.

Grand Total: 1455 creatures vanquished

Notes
Turn   | Place    | Note
-------+----------+-------------------------------------------
     0 | D:1      | Almogavar the Hill Orc Fighter began the quest for the Orb.
     0 | D:1      | Reached XP level 1. HP: 19/19 MP: 1/1
    49 | D:1      | Reached XP level 2. HP: 27/27 MP: 2/2
   355 | D:1      | Reached XP level 3. HP: 31/33 MP: 3/3
   982 | D:1      | You fall into a shaft and drop 1 floor!
  1064 | D:2      | Found a blossoming altar of Fedhas.
  1065 | D:2      | Found an ancient bone altar of Kikubaaqudgha.
  1311 | D:1      | Reached XP level 4. HP: 40/40 MP: 4/4
  1485 | D:2      | Found a sacrificial altar of Ru.
  1707 | D:2      | Reached skill level 4 in Shields
  1825 | D:2      | Reached XP level 5. HP: 45/47 MP: 5/5
  2111 | D:3      | Noticed Sigmund
  2122 | D:3      | Killed Sigmund
  2123 | D:3      | Reached skill level 5 in Fighting
  2123 | D:3      | Reached skill level 5 in Axes
  2123 | D:3      | Reached XP level 6. HP: 56/56 MP: 6/6
  3212 | D:4      | Found a runed translucent gate.
  3212 | D:4      | Found a runed translucent gate.
  3216 | D:4      | Found a runed translucent gate.
  3218 | D:4      | Noticed vesperbot's ghost (novice TrHu)
  3441 | D:4      | Reached XP level 7. HP: 61/61 MP: 7/7
  3568 | D:4      | Noticed Pikel
  3591 | D:4      | Killed Pikel
  3592 | D:4      | Reached skill level 1 in Dodging
  3592 | D:4      | Reached skill level 1 in Stealth
  3592 | D:4      | Reached skill level 5 in Shields
  3592 | D:4      | Reached XP level 8. HP: 26/70 MP: 8/8
  3890 | D:4      | Found a sparkling altar of Nemelex Xobeh.
  4030 | D:4      | Found a glowing golden altar of the Shining One.
  4283 | D:5      | Entered Level 5 of the Dungeon
  4430 | D:5      | Found Zyemy's Jewellery Emporium.
  4451 | D:5      | Reached skill level 5 in Armour
  4598 | D:5      | Found Baigob's Distillery.
  4625 | D:5      | Bought a potion of heal wounds for 70 gold pieces
  4680 | D:5      | Found Conwowk's Armour Shoppe.
  4709 | D:5      | Found Zogepapp's Antique Weapon Emporium.
  4727 | D:5      | Reached skill level 1 in Throwing
  5389 | D:5      | Reached skill level 6 in Shields
  5631 | D:5      | Found a basalt altar of Yredelemnul.
  6110 | D:6      | Found a shadowy altar of Dithmenos.
  6111 | D:6      | Found a snail-covered altar of Cheibriados.
  6112 | D:6      | Found a broken altar of Ashenzari.
  6113 | D:6      | Found a white marble altar of Elyvilon.
  6114 | D:6      | Found a stormy altar of Qazlal.
  6192 | D:6      | Reached XP level 9. HP: 73/78 MP: 9/9
  6330 | D:6      | Reached skill level 10 in Axes
  6434 | D:6      | Found an opulent altar of Gozag.
  6829 | D:6      | Found a staircase to the Ecumenical Temple.
  6838 | Temple   | Entered the Ecumenical Temple
  6874 | Temple   | Became a worshipper of Warmaster Okawaru
  7489 | D:7      | Noticed Maggie
  7509 | D:7      | Killed Maggie
  7745 | D:7      | Found a shimmering blue altar of Sif Muna.
  7745 | D:7      | Found a hide-covered altar of Uskayaw.
  7809 | D:7      | Found a shimmering altar of Xom.
  7949 | D:7      | Noticed Joseph
  7971 | D:7      | Killed Joseph
  7971 | D:7      | Reached * piety under Okawaru
  7978 | D:7      | Reached skill level 7 in Shields
  8162 | D:7      | Reached XP level 10. HP: 79/86 MP: 10/10
  8269 | D:7      | Got a pair of jewelled gloves
  8280 | D:7      | Identified the +0 pair of gloves of the Sailor {rPois Will+
                  | Int+4} (You found it on level 7 of the Dungeon)
  8674 | D:8      | Found Gidy's Magic Scroll Emporium.
  8941 | D:8      | Noticed a two-headed ogre
  8946 | D:8      | Killed a two-headed ogre
  8946 | D:8      | Reached ** piety under Okawaru
  8961 | D:8      | Found a runed translucent door.
  8980 | D:8      | Found a staircase to the Lair.
  9069 | D:8      | Found a shimmering altar of Xom.
  9163 | D:8      | Noticed vesperbot's ghost (novice TrHu)
  9413 | D:8      | Noticed Maurice
  9463 | D:8      | Killed Maurice
  9778 | D:8      | Reached *** piety under Okawaru
 10038 | D:8      | Reached skill level 8 in Shields
 10771 | D:9      | Got a transparent granite ring
 10773 | D:9      | Identified the ring "Boucearr" {rC+ Dex+2} (You found it on
                  | level 9 of the Dungeon)
 10816 | D:9      | Found a blossoming altar of Fedhas.
 11422 | D:10     | Entered Level 10 of the Dungeon
 11556 | D:10     | Found a staircase to the Orcish Mines.
 11593 | D:10     | Found a large runed translucent door.
 11593 | D:10     | Found a large runed translucent door.
 11594 | D:10     | Noticed admiralandromeda's ghost (novice MfGl)
 11597 | D:10     | Noticed a two-headed ogre
 11608 | D:10     | Killed a two-headed ogre
 11609 | D:10     | Reached XP level 11. HP: 93/95 MP: 11/11
 11616 | D:10     | Got a transparent ring mail
 11627 | D:10     | Identified the cursed +1 ring mail of Yesterday {rF- Regen+
                  | Slay+3 Stlth+} (You found it on level 10 of the Dungeon)
 11730 | D:10     | Reached **** piety under Okawaru
 12201 | D:10     | Killed admiralandromeda's ghost
 12202 | D:10     | Reached skill level 9 in Shields
 12451 | D:8      | Killed vesperbot's ghost
 12622 | Orc:1    | Entered Level 1 of the Orcish Mines
 12622 | Orc:1    | Noticed a cyclops
 12625 | Orc:1    | Killed a cyclops
 12642 | D:10     | Reached skill level 1 in Invocations
 13063 | Orc:1    | Found a shimmering blue altar of Sif Muna.
 13185 | Orc:1    | Reached ***** piety under Okawaru
 13258 | Orc:1    | Noticed an orc knight
 13269 | Orc:1    | Noticed a two-headed ogre
 13285 | Orc:1    | Killed a two-headed ogre
 13299 | Orc:1    | Killed an orc knight
 13299 | Orc:1    | Received a gift from Okawaru
 13665 | Orc:2    | Entered Level 2 of the Orcish Mines
 13700 | Orc:2    | Noticed an orc sorcerer
 13715 | Orc:2    | Killed an orc sorcerer
 13809 | Orc:2    | Noticed an ettin
 13823 | Orc:2    | Killed an ettin
 13823 | Orc:2    | Received a gift from Okawaru
 13824 | Orc:2    | Reached skill level 10 in Shields
 13824 | Orc:2    | Reached XP level 12. HP: 71/106 MP: 11/13
 14062 | Orc:2    | Noticed an orc high priest
 14065 | Orc:2    | Noticed an orc high priest
 14066 | Orc:2    | Noticed an orc high priest
 14415 | Orc:1    | Found a runed translucent door.
 14423 | Orc:1    | Noticed Phaedo's ghost (journeyman OpDe)
 14487 | Orc:1    | Killed Phaedo's ghost
 14488 | Orc:1    | Reached skill level 10 in Fighting
 14534 | Orc:1    | Noticed a sun demon
 14534 | Orc:1    | Killed an orc high priest
 14535 | Orc:1    | Reached skill level 15 in Axes
 14692 | Orc:2    | Noticed a soul eater
 14692 | Orc:2    | Noticed a sun demon
 14806 | Orc:1    | Killed an orc high priest
 14853 | Orc:1    | Killed an orc high priest
 15238 | Orc:2    | Reached skill level 5 in Throwing
 15407 | Orc:2    | Noticed an orc high priest
 15412 | Orc:2    | Noticed a sun demon
 15978 | Orc:1    | Killed an orc high priest
 16432 | Orc:2    | Found Ywkeqoni's Gadget Emporium.
 16434 | Orc:2    | Found Zaczulid's Gadget Emporium.
 16440 | Orc:2    | Found Kaob's Antique Armour Shoppe.
 16442 | Orc:2    | Found Elooxo Ynuv's Weapon Shoppe.
 16445 | Orc:2    | Bought a lightning rod (4/4) for 420 gold pieces
 16687 | Orc:2    | Found a staircase to the Elven Halls.
 16908 | Orc:2    | Received a gift from Okawaru
 16988 | Orc:2    | Found Ungeototh's Weapon Emporium.
 17377 | Lair:1   | Entered Level 1 of the Lair of Beasts
 18439 | Lair:2   | Received a gift from Okawaru
 18519 | Lair:2   | Noticed a five-headed hydra
 18538 | Lair:1   | Killed a six-headed hydra
 18539 | Lair:1   | Reached skill level 11 in Shields
 18727 | Lair:2   | Noticed a five-headed hydra
 18729 | Lair:2   | Noticed Gastronok
 18761 | Lair:1   | Killed a five-headed hydra
 18761 | Lair:1   | Received a gift from Okawaru
 18762 | Lair:1   | Reached XP level 13. HP: 56/114 MP: 11/14
 19024 | Lair:2   | Killed Gastronok
 19197 | Lair:2   | Noticed Erica
 19214 | Lair:2   | Killed Erica
 19260 | Lair:2   | Received a gift from Okawaru
 19551 | Lair:2   | Received a gift from Okawaru
 19649 | Lair:2   | Found a staircase to the Shoals.
 19670 | Lair:2   | Reached skill level 10 in Armour
 19874 | Lair:2   | Reached skill level 12 in Shields
 20738 | Lair:2   | HP: 4/116 [acid (9)]
 22422 | Lair:4   | Found a staircase to the Snake Pit.
 22643 | Lair:4   | Reached skill level 1 in Long Blades
 22650 | Lair:4   | Received a gift from Okawaru
 22651 | Lair:4   | Reached XP level 14. HP: 104/125 MP: 15/15
 22838 | Lair:4   | Reached ****** piety under Okawaru
 22839 | Lair:4   | Reached skill level 13 in Shields
 23189 | Lair:4   | Noticed Urug
 23207 | Lair:4   | Killed Urug
 23332 | Lair:4   | Received a gift from Okawaru
 23333 | Lair:4   | Found the +3 robe of Clouds {+Thunder rCloud rElec}
 24641 | Lair:5   | Found a shimmering altar of Xom.
 24817 | Lair:5   | Found a staircase to the Slime Pits.
 25014 | Lair:6   | Entered Level 6 of the Lair of Beasts
 25116 | Lair:6   | Found a gate leading to a gauntlet.
 25135 | Gauntlet | Entered a Gauntlet
 25135 | Gauntlet | Found a transporter.
 25160 | Gauntlet | Found a transporter.
 25163 | Gauntlet | Found a transporter.
 25174 | Gauntlet | Found a transporter.
 25177 | Gauntlet | Found a transporter.
 25185 | Gauntlet | Found a transporter.
 25201 | Gauntlet | Noticed an entropy weaver
 25202 | Gauntlet | Found a transporter.
 25213 | Gauntlet | Found a transporter.
 25224 | Gauntlet | Found a transporter.
 25229 | Gauntlet | Found a transporter.
 25229 | Gauntlet | Found a transporter.
 25257 | Gauntlet | Found a transporter.
 25258 | Gauntlet | Found a transporter.
 25311 | Gauntlet | Found a transporter.
 25541 | Gauntlet | Reached skill level 14 in Shields
 25558 | Gauntlet | Got a pair of transparent boots
 25569 | Gauntlet | Identified the +0 pair of boots of the Slug {Harm *Slow
                  | rPois} (You found it in a Gauntlet)
 25617 | Gauntlet | Got a faintly humming cloak
 25634 | Gauntlet | Identified the +1 cloak of the Hippo {-Tele rC+ rN++ Int+2}
                  | (You found it in a Gauntlet)
 25643 | Gauntlet | Identified a scroll of acquirement
 25643 | Gauntlet | Acquired a manual of Dodging
 25928 | Gauntlet | Identified the +6 war axe "Leviticus" {vorpal, rN+}
 26302 | Lair:6   | Received a gift from Okawaru
 26928 | Lair:6   | Reached XP level 15. HP: 135/136 MP: 16/16
 27305 | Lair:6   | Found a burning altar of Makhleb.
 27329 | Lair:6   | Reached skill level 15 in Shields
 28092 | Lair:6   | Found a gateway to Hell.
 29111 | D:12     | Found a runed translucent gate.
 29111 | D:12     | Found a runed translucent gate.
 29111 | D:12     | Found a runed translucent gate.
 29146 | D:12     | Noticed Revguard's ghost (journeyman OgVM)
 29278 | D:12     | Received a gift from Okawaru
 29294 | D:12     | Got a scorched war axe {god gift}
 29295 | D:12     | Identified the +9 war axe of Beiwagig {venom, Int+4}
                  | (Okawaru gifted it to you on level 12 of the Dungeon)
 29779 | D:12     | Killed Revguard's ghost
 29780 | D:12     | Reached skill level 5 in Dodging
 29944 | D:13     | Reached skill level 16 in Shields
 29995 | D:13     | Received a gift from Okawaru
 30003 | D:13     | Found a frozen archway.
 30020 | IceCv    | Entered an ice cave
 30595 | IceCv    | Found an ancient bone altar of Kikubaaqudgha.
 30996 | D:13     | Found a gate to the Vaults.
 31368 | D:14     | Reached skill level 17 in Shields
 32000 | D:14     | Noticed Paulthewizard's ghost (journeyman DsBe)
 32001 | D:14     | Found a runed translucent door.
 32045 | D:14     | Killed Paulthewizard's ghost
 32170 | D:14     | Reached XP level 16. HP: 92/147 MP: 18/18
 32419 | D:14     | Noticed Josephine
 32429 | D:14     | Killed Josephine
 32432 | D:14     | Received a gift from Okawaru
 33305 | D:15     | Entered Level 15 of the Dungeon
 33326 | D:15     | Reached skill level 15 in Fighting
 33371 | D:15     | Reached skill level 18 in Shields
 33919 | D:15     | Received a gift from Okawaru
 34404 | D:15     | Found a staircase to the Depths.
 34663 | D:15     | Reached skill level 19 in Shields
 35361 | Snake:1  | Entered Level 1 of the Snake Pit
 35934 | Snake:1  | Received a gift from Okawaru
 36747 | Snake:2  | Found a shimmering blue altar of Sif Muna.
 36785 | Snake:2  | Reached skill level 20 in Shields
 36785 | Snake:2  | Reached XP level 17. HP: 158/158 MP: 19/19
 37078 | Snake:2  | Received a gift from Okawaru
 38959 | Snake:3  | Found a bloodstained altar of Trog.
 39422 | Snake:3  | Reached skill level 21 in Shields
 39503 | Snake:4  | Entered Level 4 of the Snake Pit
 39556 | Snake:4  | Received a gift from Okawaru
 40002 | Snake:4  | Identified a +1 pair of boots of running (Okawaru gifted it
                  | to you on level 4 of the Snake Pit)
 40462 | Snake:4  | Reached XP level 18. HP: 130/170 MP: 20/20
 40462 | Snake:4  | Found Cogod's Jewellery Emporium.
 40585 | Snake:4  | Found Sen Qaos's Gadget Boutique.
 40586 | Snake:4  | Found Nexoph's Jewellery Emporium.
 40827 | Snake:4  | Found a transporter.
 40828 | Snake:4  | Noticed Electrofox's ghost (journeyman DrIE)
 41541 | Snake:4  | Received a gift from Okawaru
 41693 | Snake:4  | Reached skill level 22 in Shields
 42026 | Snake:4  | Acquired the +0 pair of boots of Filth {Str+8}
 42052 | Snake:4  | Got a serpentine rune of Zot
 42349 | Snake:4  | Found a transporter.
 42639 | Snake:4  | Killed Electrofox's ghost
 43132 | Shoals:1 | Entered Level 1 of the Shoals
 43433 | Shoals:1 | Found a transporter.
 43434 | Shoals:1 | Found a bloodstained altar of Trog.
 43434 | Shoals:1 | Noticed Wixas's ghost (adept GnCj)
 43435 | Shoals:1 | Identified the cursed +1 trident of Sunlight {antimagic,
                  | *Corrode rC+ Will+ Int+2}
 43438 | Shoals:1 | Identified the +3 demon trident of Rueborch {vorpal, Will+
                  | Int+4}
 43449 | Shoals:1 | Found a transporter.
 43819 | Shoals:1 | Killed Wixas's ghost
 43825 | Shoals:1 | Received a gift from Okawaru
 43845 | Shoals:1 | Got a flickering glass ring
 43847 | Shoals:1 | Identified the ring of Lecibrum {EV+4 Int+6} (You found it
                  | on level 1 of the Shoals)
 44135 | Shoals:2 | Noticed Aizul
 44135 | Shoals:2 | Noticed Louise
 44158 | Shoals:2 | Killed Aizul
 44164 | Shoals:2 | Killed Louise
 44178 | Shoals:2 | Noticed Ilsuiw
 44191 | Shoals:2 | Reached XP level 19. HP: 61/181 MP: 21/21
 44213 | Shoals:2 | Killed Ilsuiw
 44214 | Shoals:2 | Identified the +6 flail of Valour {speed, rElec}
 44909 | Shoals:2 | Noticed Donald
 44923 | Shoals:2 | Killed Donald
 45243 | Shoals:2 | Reached skill level 23 in Shields
 45691 | Shoals:3 | Found Wickos's Book Emporium.
 46060 | Shoals:3 | Bought a book of Clouds for 630 gold pieces
 46246 | Shoals:3 | Got a coiled silver ring
 46249 | Shoals:3 | Identified the ring "Gokhlim" {Wiz rF+ Int+2} (You found it
                  | on level 3 of the Shoals)
 46472 | Shoals:4 | Entered Level 4 of the Shoals
 46644 | Shoals:4 | Received a gift from Okawaru
 46968 | Shoals:4 | Reached skill level 10 in Throwing
 47003 | Shoals:4 | Got a barnacled rune of Zot
 47560 | Shoals:4 | Got a coiled ruby amulet
 47571 | Shoals:4 | Identified the amulet of Dishonesty {Reflect rF- Will+++
                  | Dex+6 Slay-6 SH+5} (You found it on level 4 of the Shoals)
 47821 | Shoals:4 | Reached skill level 10 in Dodging
 48446 | Slime:1  | Entered Level 1 of the Pits of Slime
 48448 | Slime:1  | Gained mutation: You are frail. (-10% HP) [a shining eye]
 48452 | Slime:1  | Gained mutation: You are very frail. (-20% HP) [a shining
                  | eye]
 48462 | Slime:1  | Gained mutation: Armour fits poorly on your strangely
                  | shaped body. [a shining eye]
 48465 | Slime:1  | Gained mutation: You are weak. (Str -2) [a shining eye]
 48466 | Slime:1  | Lost mutation: You are very frail. (-20% HP) [a shining
                  | eye]
 48478 | Slime:1  | Received a gift from Okawaru
 48883 | Slime:2  | Gained mutation: You are very weak. (Str -4) [a shining
                  | eye]
 49052 | Slime:1  | Received a gift from Okawaru
 49752 | Slime:3  | Reached XP level 20. HP: 170/171 MP: 22/22
 49860 | Slime:3  | Gained mutation: Your magical capacity is low. (-10% MP) [a
                  | shining eye]
 49871 | Slime:3  | Gained mutation: You are very frail. (-20% HP) [a shining
                  | eye]
 50506 | Slime:3  | Noticed Dissolution
 50530 | Slime:3  | Killed Dissolution
 50530 | Slime:3  | Received a gift from Okawaru
 51080 | Slime:4  | Received a gift from Okawaru
 51094 | Slime:4  | Got a faintly humming chain mail {god gift}
 51105 | Slime:4  | Reached skill level 24 in Shields
 51323 | Slime:5  | Entered Level 5 of the Pits of Slime
 51326 | Slime:5  | Gained mutation: Your magical capacity is very low. (-20%
                  | MP) [a shining eye]
 51635 | Slime:5  | Gained mutation: Your body sometimes deteriorates upon
                  | taking damage. [a shining eye]
 51651 | Slime:5  | Noticed the Royal Jelly
 51659 | Slime:5  | HP: 7/154 [acid blob (21)]
 51659 | Slime:5  | HP: 2/154 [acid (5)]
 51663 | Slime:5  | Slain by the Royal Jelly

Illustrated notes

Levels and vault maps discovered:
D:1:      lightli_arrival_statue_moat, layout_basic, minivault_27,
          grunt_decor_clamped, minmay_misc_feat_room
D:2:      layout_basic, grunt_temple_overflow_growth_and_decay,
          nicolae_ru_great_annihilating_truth
D:3:      layout_loops_cross, st_stairs_10, hangedman_glass_teeth, uniq_sigmund
D:4:      layout_rooms, marbit_many_paths, ebering_ghost_rock_garden,
          nemelex_xobeh_ov_fountains_minmay, uniq_pikel
D:5:      layout_loops_ring, lemuel_zombie_altar_yredelemnul, serial_shops,
          shop, nicolae_shop_statue_plus, shop, shop
D:6:      layout_basic, grunt_gozag_breadcrumbs, grunt_temple_overflow_open,
          minmay_temple_entry_arrows
D:7:      layout_basic, gammafunk_temple_overflow_wave, serial_bayou_pond_a,
          brannock_xom_greatest_gift, uniq_joseph, uniq_maggie
D:8:      layout_basic, nicolae_overflow_crystal_walls, lair_entry_dummy,
          serial_shops, shop_scrolls, ebering_ghost_reflecting_pool,
          st_stairs_6, lightli_minifort, uniq_maurice
D:9:      layout_cave_pools, fedhas_altar_2
D:10:     layout_rooms, orc_0_dummy, ebering_ghost_disaster_area
D:11:     layout_basic, chequers_serial_rivers_small_3
D:12:     layout_rooms, gammafunk_ghost_necromancy, minivault_24
D:13:     layout_basic, david_vaults_2, special_room [special_room_orc],
          portal_ice_cave_demonic_guard
D:14:     layout_layer_cave, minmay_hedge_maze, ebering_ghost_inner_flame,
          drop_trap, water_boxes_lemuel, uniq_josephine
D:15:     hangedman_depths_entry_try_elsewhere_first, layout_basic,
          serial_undead, serial_undead_a, serial_undead_f, serial_undead_b,
          serial_undead_c, serial_undead_f, serial_undead_d, hex_medium,
          minmay_diced_spiral
Temple:   jpeg_temple_island
Lair:1:   layout_gridlike
Lair:2:   layout_chaotic_city, elwin_shoals_entry_stream, grunt_megastairs_2,
          minmay_lair_oklob_chamber, infiniplex_staircase_pool_2,
          uniq_gastronok, uniq_erica
Lair:3:   layout_chaotic_city
Lair:4:   layout_roguey, minmay_snake_entry_six_corridors, lemuel_fruit_tree,
          grunt_megastairs_5, uniq_urug
Lair:5:   layout_gridlike, dpeg_slime_entry_corner, serial_bayou,
          serial_bayou_pond_c, serial_bayou_pond_e, serial_bayou_pond_a,
          serial_bayou_pond_d, lemuel_oklob_altar
Lair:6:   evil_forest, layout_gridlike, gauntlet_entry_generic,
          chequers_serial_rivers_room_a, st_stairs_4, lemuel_another_geyser
Shoals:1: layout_shoals, gammafunk_ghost_wrathful_warriors
Shoals:2: layout_shoals, uniq_ilsuiw, uniq_aizul, uniq_louise, uniq_donald
Shoals:3: layout_shoals, serial_shops, nicolae_shop_window_shopping
Shoals:4: shoals_end_hangedman, layout_shoals
Snake:1:  layout_gridlike, grunt_megastairs_1
Snake:2:  layout_onion, basic_altar, serial_bayou_pond_e, grunt_megastairs_3
Snake:3:  layout_chambers, basic_altar
Snake:4:  snake_hunt, layout_gridlike, gammafunk_ghost_arena, st_stairs_10,
          minmay_shop_grove
Slime:1:  layout_caves
Slime:2:  layout_caves, cheibrodos_slime_lost_civilization_6
Slime:3:  layout_caves, nicolae_slime_phagocytosis, uniq_dissolution
Slime:4:  layout_caves, cheibrodos_slime_lost_civilization_5
Slime:5
Orc:1:    layout_diamond_mine, ebering_ghost_inner_flame, led_sif_book
Orc:2:    st_orc_mages, layout_caves, serial_shops, shop

Skill      XL: |  1  2  3  4  5  6  7  8  9 10 11 12 13 14 15 16 17 18 19 20 |
---------------+-------------------------------------------------------------+-----
Axes           | 3 4 5 6 7 9 11 13 14 15 16 | 16.1
Fighting       | 4 5 6 7 8 9 10 11 13 14 16 17 18 19 20 | 20.1
Shields        | 4 5 6 7 8 10 11 12 14 17 20 21 22 23 24 | 24.1
Armour         | 4 5 6 8 9 10 11 | 11.4
Dodging        | 1 2 4 5 7 8 9 10 | 10.5
Stealth        | 1 2 4 |  4.2
Throwing       | 1 2 4 6 7 8 9 10 11 | 11.4
Invocations    | 1 2 3 |  3.9
Long Blades    | 1 3 4 |  4.5
Evocations     | |  0.1

Action                   |  1- 3 |  4- 6 |  7- 9 | 10-12 | 13-15 | 16-18 | 19-21 || total
-------------------------+-------+-------+-------+-------+-------+-------+-------++-------
Melee: War axe           |    78 |   211 |   357 |   768 |  1211 |  1364 |   718 ||  4707
       Scimitar          |       |       |       |       |    66 |    17 |       ||    83
Throw: Dart              |       |     4 |    14 |    35 |    37 |    46 |       ||   136
       Javelin           |       |       |       |    36 |       |       |       ||    36
       Boomerang         |       |       |       |   149 |    57 |    55 |   352 ||   613
Invok: Heroism           |       |       |       |    10 |     8 |     5 |     7 ||    30
       Finesse           |       |       |       |       |       |     1 |       ||     1
Evoke: Wand              |       |       |       |       |     2 |       |       ||     2
       Lightning rod     |       |       |       |       |       |     1 |     1 ||     2
       Phial of floods   |       |       |       |       |       |       |     1 ||     1
  Use: Scroll            |       |     1 |     6 |     7 |    16 |     8 |     1 ||    39
       Potion            |       |       |     2 |       |       |     2 |     4 ||     8
 Stab: Paralysed         |       |     2 |       |       |       |       |       ||     2
       Invisible         |       |       |     3 |       |       |       |       ||     3
       Petrified         |       |       |       |       |       |    13 |       ||    13
       Petrifying        |       |       |       |       |       |     2 |       ||     2
Armor: Scale mail        |    22 |       |       |       |       |       |       ||    22
       Chain mail        |    13 |   111 |   159 |   192 |       |       |       ||   475
       Plate armour      |       |       |       |    56 |   180 |       |       ||   236
       Pearl dragon scal |       |       |       |       |   218 |   260 |    86 ||   564
Dodge: Dodged            |    17 |    43 |    98 |   133 |   185 |   247 |   150 ||   873
Block: Kite shield       |    38 |   120 |   157 |   529 |    61 |       |       ||   905
       Reflection        |       |       |       |    32 |    26 |   169 |    48 ||   275
       Tower shield      |       |       |       |       |  1278 |  1513 |   792 ||  3583
       Rpst.: Scimitar   |       |       |       |       |     4 |     1 |       ||     5
